Map: Abyssal Reef LE

Players

HotFoxWaifu

  • Race: Protoss Protoss
  • League: Diamond
  • Spawn Location: 11:00

OmaMorkie - Winner!

  • Race: Zerg Zerg
  • League: Diamond
  • Spawn Location: 5:00

VOD

Have the link to the VOD?

Description

Going from burrow-bane drop into burrow roach pressure

Time

  • Played on: Jan. 8, 2018, 1:42 p.m.
  • Length: 14:07
Show
View Real Time Build Order
Export as new Build Order

HotFoxWaifu Protoss 

Build Orders: 1 Gate Expand, Oracle Opening 

Get SALT Encoding   

  12  0:00  Probe  
  13  0:13  Probe  
  14  0:22  Pylon  
  14  0:25  Probe  
  15  0:40  Probe  
  16  0:45  Gateway  
  16  0:52  Probe (Chrono Boost)  
  16  0:53  Assimilator  
  17  1:04  Probe (Chrono Boost)  
  18  1:09  Probe (Chrono Boost)  
  19  1:25  Nexus  
  19  1:28  Probe  
  20  1:42  Cybernetics Core  
  20  1:45  Probe (Chrono Boost)  
  21  1:48  Assimilator  
  21  1:57  Probe (Chrono Boost)  
  21  1:58  Pylon  
  22  2:02  Probe (Chrono Boost)  
  23  2:16  Probe  
  23  2:17  Adept (Chrono Boost)  
  23  2:20  Warp Gate  
  26  2:28  Probe  
  28  2:37  Probe  
  28  2:40  Probe  
  28  2:41  Stargate  
  29  2:49  Probe  
  30  2:52  Probe  
  30  3:01  Probe  
  30  3:04  Probe  
  32  3:13  Probe, Adept  
  32  3:17  Probe  
  34  3:24  Gateway  
  34  3:25  Probe  
  34  3:26  Oracle (Chrono Boost)  
  34  3:27  Gateway  
  35  3:28  Pylon  
  35  3:32  Probe  
  39  3:37  Probe  
  40  4:03  Oracle (Chrono Boost)  
  37  4:28  Adept x3  
  43  4:55  Probe x2  
  43  4:58  Phoenix  
  47  5:07  Probe  
  48  5:19  Adept  
  50  5:21  Nexus  
  50  5:28  Probe x2  
  52  5:31  Pylon  
  52  5:38  Twilight Council  
  52  5:40  Probe x2  
  54  5:45  Pylon  
  54  5:52  Probe x2  
  56  6:00  Shield Battery  
  56  6:04  Probe x2  
  58  6:16  Probe  
  58  6:17  Probe  
  60  6:20  Void Ray (Chrono Boost)  
  64  6:28  Probe  
  64  6:29  Probe  
  65  6:41  Pylon  
  65  6:42  Pylon  
  65  6:44  Pylon  
  65  6:58  Pylon x2  
  61  7:15  Void Ray (Chrono Boost)  
  56  7:25  Pylon  
  56  7:28  Pylon  
  55  7:40  Gateway, Charge (Chrono Boost)  
  55  7:41  Gateway  
  55  7:44  Gateway  
  55  7:46  Templar Archives  
  51  8:11  Assimilator, Nexus  
  51  8:12  Pylon  
  49  8:13  Assimilator  
  49  8:14  Pylon  
  47  8:38  Probe x2  
  49  8:49  Stalker x4  
  49  8:50  Probe x2  
  59  9:02  Probe  
  60  9:03  Probe  
  61  9:14  Probe  
  61  9:16  Zealot  
  64  9:17  Zealot x5  
  64  9:20  Probe  
  75  9:26  Probe  
  76  9:32  Probe  
  76  9:38  Probe  
  78  9:44  Probe  
  79  9:49  Pylon  
  79  9:50  Probe  
  80  9:53  Zealot x4  
  80  9:54  Zealot  
  80  9:56  Probe  
  91  10:09  Zealot  
  93  10:14  Zealot  
  93  10:15  Zealot x2  
  83  10:35  Zealot x6  
  78  10:52  Probe  
  78  10:53  Probe x2  
  78  10:55  Gateway  
  78  10:56  Gateway, Zealot  
  83  10:57  Zealot x5  
  83  10:58  Gateway  
  83  11:03  Gateway  
  93  11:05  Probe  
  93  11:06  Gateway  
  94  11:16  Probe x2  
  94  11:25  Sentry x2  
  88  11:42  Zealot x2  
  88  11:43  High Templar x2  
  92  11:48  Archon  
  92  11:55  Cybernetics Core  
  92  11:58  Assimilator x2  
  92  11:59  Pylon  
  92  12:00  Pylon  
  92  12:06  Psionic Storm  
  92  12:11  Pylon, Zealot  
  92  12:12  Zealot x5  
  104  12:22  Forge, Pylon  
  104  12:24  Pylon  
  101  12:36  Zealot x9  
  119  12:37  Pylon  
  95  13:03  High Templar x2  
  95  13:04  Zealot x5  
  95  13:05  Zealot x4  
  105  13:11  Archon  
  52  13:25  Zealot  
  52  13:26  Zealot x8  
  53  13:36  Zealot x2  
Show
View Real Time Build Order
Export as new Build Order

OmaMorkie Zerg - Winner!

Build Orders: Hatch First 

Get SALT Encoding   

  12  0:01  Drone  
  13  0:08  Drone  
  14  0:16  Overlord  
  14  0:21  Extractor  
  14  0:24  Drone  
  14  0:35  Drone  
  15  0:36  Drone  
  16  0:44  Drone  
  17  1:04  Hatchery  
  16  1:22  Spawning Pool  
  16  1:23  Drone  
  16  1:32  Burrow  
  16  1:36  Drone  
  17  1:41  Drone  
  17  1:44  Drone  
  19  1:50  Drone  
  20  2:10  Zergling x2  
  20  2:11  Zergling x2  
  22  2:18  Evolution Chamber  
  22  2:20  Baneling Nest  
  20  2:23  Queen  
  20  2:25  Drone x2  
  20  2:27  Drone  
  25  2:31  Drone  
  26  2:43  Queen  
  28  2:55  Spine Crawler  
  27  3:01  Zergling x2  
  27  3:03  Overlord  
  28  3:07  Baneling x4  
  25  3:20  Drone x3  
  28  3:29  Drone x3  
  31  3:39  Drone x3  
  31  3:40  Drone  
  35  3:44  Drone  
  35  3:48  Overlord, Baneling x2  
  35  4:12  Drone x2  
  35  4:13  Drone x4  
  41  4:27  Roach Warren  
  41  4:28  Extractor  
  41  4:29  Baneling x2  
  39  4:33  Overlord x2  
  39  4:36  Extractor  
  38  4:43  Hatchery  
  36  5:07  Spore Crawler  
  36  5:09  Spore Crawler  
  36  5:10  Roach x6  
  36  5:11  Overlord  
  36  5:12  Overlord  
  46  5:17  Roach x3  
  52  5:22  Roach  
  52  5:24  Roach  
  52  5:27  Overlord  
  56  5:36  Lair  
  56  5:49  Drone x5  
  61  5:56  Drone x3  
  64  5:57  Drone  
  64  5:59  Drone  
  66  6:10  Roach x2  
  70  6:13  Drone x2  
  72  6:27  Spore Crawler  
  71  6:39  Drone x3  
  74  6:40  Roach x2  
  74  6:41  Overlord x4  
  75  7:01  Drone x7  
  75  7:05  Drone x4, Queen  
  75  7:08  Roach x5  
  85  7:12  Glial Reconstitution  
  85  7:15  Hydralisk Den  
  74  7:24  Roach x3  
  74  7:25  Drone  
  74  7:26  Drone x3  
  78  7:44  Roach x2  
  78  7:46  Drone x6  
  78  7:51  Muscular Augments, Hydralisk x2  
  84  7:56  Zerg Missile Weapons Level 1  
  86  8:01  Roach x2  
  86  8:11  Roach x2  
  86  8:27  Drone, Hydralisk x3  
  86  8:28  Hydralisk x6  
  86  8:29  Overlord x2  
  103  8:35  Pneumatized Carapace  
  103  8:37  Hydralisk  
  105  8:41  Zergling x2  
  105  8:42  Overlord x4  
  105  8:43  Centrifical Hooks  
  106  8:49  Evolution Chamber  
  106  8:50  Extractor  
  106  8:53  Extractor  
  103  8:58  Hydralisk x3  
  105  9:05  Zergling x6  
  105  9:09  Metabolic Boost  
  108  9:11  Hydralisk x3  
  108  9:13  Zergling x8  
  118  9:23  Zergling x2  
  118  9:24  Zergling x4  
  119  9:25  Hydralisk  
  121  9:37  Hatchery  
  121  9:38  Hydralisk x5  
  120  9:39  Zergling x2  
  120  9:40  Zergling x8  
  120  9:44  Overseer  
  135  9:48  Hatchery  
  134  9:54  Hydralisk x2  
  134  9:55  Zergling x2  
  134  9:56  Zergling x4  
  141  10:01  Hydralisk x2  
  145  10:12  Hydralisk x3  
  145  10:13  Zergling x2  
  145  10:14  Zergling x4  
  154  10:16  Overlord x4  
  119  10:49  Baneling x3  
  119  10:50  Baneling x4  
  116  11:14  Hydralisk x12  
  116  11:15  Hydralisk  
  127  11:37  Hydralisk x7  
  127  11:39  Zergling x30  
  149  11:40  Zergling x4  
  149  11:44  Hydralisk  
  142  11:53  Baneling x3  
  142  11:55  Baneling x3  
  142  11:56  Zergling x14  
  149  12:04  Extractor  
  148  12:09  Drone x3  
  148  12:10  Drone x7  
  148  12:13  Baneling x3  
  148  12:14  Baneling x6  
  148  12:15  Baneling x3  
  158  12:16  Zergling x6  
  158  12:18  Queen x3  
  167  12:30  Hydralisk  
  167  12:31  Hydralisk x3  
  167  12:32  Zergling x10  
  180  12:39  Hydralisk  
  180  12:40  Hydralisk x2  
  180  12:42  Zergling x2, Extractor  
  186  12:46  Extractor  
  161  13:10  Zergling x4  
  161  13:11  Zergling x26  
  161  13:33  Zergling x2  
  161  13:34  Zergling x18  
  168  13:40  Baneling x10  
  167  13:51  Infestation Pit  
Tags
 
Add a new tag
Caveats
  • Supply blocks, unpowered buildings, or Contaminate may cause inaccurate times.
  • Supply counts are checked every 10 seconds.